AoeStats
← Unknown

Lombardia

509121303Analyzed
3v3 RM · 7d ago on Sep 25, 2026· 76m 15s· 6 players
Game mode
Random Map
Map size
Normal (6 player)
Population
200
Speed
Normal
Resources
Standard
Victory
Conquest
Starting age
Dark Age
Ending age
Imperial Age
RankedLock teamsTeams togetherTeam positionsShared explorationLock speedFull tech treeHidden civsTurbo modeCheats
Victory
Defeat
🇨🇦 Magyars · Canada
1235
+14
🇩🇪 Berbers · Germany
1211
+15
🇵🇪 Huns · Peru
1149
+18
🇪🇸 Spanish · Spain
1226
-17
🇪🇸 Saxons · Spain
1207
-16
🇪🇸 Saracens · Spain
1143
-14
Txuko
6:34 Loom
9:21 Feudal Age
10:17 Double-Bit Axe
18:45 Castle Age
16:53 Horse Collar
17:05 Gold Mining
18:11 Man-at-Arms
19:22 Scale Mail Armor
19:32 Forging
19:54 Squires
19:15 Long Swordsman
20:18 Gambesons
20:19 Arson
23:58 Wheelbarrow
25:54 Chain Mail Armor
27:43 Iron Casting
26:55 Town Watch
30:51 Bow Saw
34:55 Imperial Age
33:11 Stone Mining
33:42 Hand Cart
36:21 Plate Mail Armor
35:38 Capped Ram
36:02 Elite Varangian Guard
37:19 Fletching
39:31 Conscription
38:38 Shield Wall
39:31 Heavy Plow
41:19 Siege Ram
42:55 Heavy Scorpion
44:56 Siege Engineers
45:51 Chemistry
55:40 Ballistics
55:16 Murder Holes
55:21 Bodkin Arrow
57:19 Caravan
60:06 Bracer
62:24 Masonry
Asdellop
8:10 Loom
10:20 Feudal Age
11:52 Double-Bit Axe
11:48 Horse Collar
17:19 Fletching
19:22 Wheelbarrow
22:37 Castle Age
21:35 Padded Archer Armor
22:07 Scale Barding Armor
23:47 Crossbowman
25:18 Bow Saw
25:57 Bodkin Arrow
28:06 Gold Mining
28:51 Bloodlines
29:21 Forging
29:31 Stone Mining
30:01 Thumb Ring
31:30 Ballistics
33:28 Leather Archer Armor
36:03 Imperial Age
34:30 Chain Barding Armor
35:43 Husbandry
37:23 Plate Barding Armor
36:14 Elite Mameluke
37:15 Conscription
38:01 Iron Casting
38:44 Arbalester
40:27 Blast Furnace
40:07 Bracer
40:41 Town Watch
41:49 Ring Archer Armor
45:25 Caravan
47:26 Chemistry
48:54 Elite Skirmisher
51:24 Heavy Camel Rider
65:38 Light Cavalry
66:39 Hussar
eNZo STaR
6:46 Loom
10:25 Feudal Age
11:00 Double-Bit Axe
19:15 Wheelbarrow
19:45 Bloodlines
21:51 Castle Age
19:36 Horse Collar
23:47 Bow Saw
23:55 Pikeman
25:13 Scale Mail Armor
34:21 Imperial Age
33:24 Town Watch
34:53 Hand Cart
34:39 Town Patrol
34:32 Fletching
34:42 Padded Archer Armor
34:55 Scale Barding Armor
35:12 Forging
35:25 Ballistics
36:05 Chemistry
35:13 Bodkin Arrow
34:40 Elite Skirmisher
36:24 Leather Archer Armor
36:24 Thumb Ring
36:23 Husbandry
35:44 Light Cavalry
38:15 Chain Barding Armor
38:56 Hussar
39:38 Bracer
40:08 Ring Archer Armor
39:36 Murder Holes
39:51 Masonry
40:28 Iron Casting
40:18 Fortified Wall
40:58 Plate Barding Armor
42:10 Two-Man Saw
41:12 Heavy Plow
41:04 Gold Mining
41:21 Caravan
41:13 Elite Conquistador
42:13 Conscription
42:11 Halberdier
42:52 Squires
43:43 Chain Mail Armor
44:29 Blast Furnace
44:31 Arson
48:09 Plate Mail Armor
48:16 Cavalier
50:46 Paladin
DropDongHitBong420
13:35 Feudal Age
12:52 Loom
14:57 Horse Collar
15:07 Double-Bit Axe
19:18 Castle Age
18:19 Fletching
20:02 Husbandry
20:18 Bow Saw
20:52 Bloodlines
22:57 Heavy Plow
28:31 Wheelbarrow
30:00 Hand Cart
29:35 Town Watch
30:53 Town Patrol
32:07 Bodkin Arrow
32:14 Padded Archer Armor
32:21 Gold Mining
34:43 Leather Archer Armor
35:04 Scale Barding Armor
34:23 Light Cavalry
35:42 Ballistics
36:36 Chain Barding Armor
39:26 Imperial Age
39:22 Corvinian Army
40:13 Thumb Ring
40:35 Parthian Tactics
40:18 Bracer
40:49 Ring Archer Armor
39:59 Hussar
41:09 Conscription
40:52 Recurve Bow
41:57 Chemistry
41:00 Heavy Cavalry Archer
45:41 Caravan
47:06 Crop Rotation
47:38 Two-Man Saw
48:16 Plate Barding Armor
63:28 Siege Engineers
66:27 Heated Shot
71:28 Masonry
71:14 Murder Holes
Unknown
10:53 Feudal Age
10:34 Loom
12:01 Double-Bit Axe
18:05 Castle Age
19:16 Horse Collar
26:45 Bow Saw
29:31 Wheelbarrow
29:31 Heavy Plow
33:01 Imperial Age
30:58 Marauders
31:07 Scale Barding Armor
32:20 Chain Barding Armor
32:12 Forging
33:09 Hand Cart
33:20 Elite Tarkan
34:05 Husbandry
34:16 Bloodlines
34:47 Iron Casting
34:27 Town Watch
35:29 Plate Barding Armor
38:02 Blast Furnace
39:40 Town Patrol
50:44 Light Cavalry
51:21 Fletching
53:42 Hussar
57:51 Caravan
58:21 Coinage
58:02 Guilds
60:57 Two-Man Saw
60:51 Banking
Derikas
7:41 Loom
10:06 Feudal Age
10:40 Double-Bit Axe
12:17 Horse Collar
14:01 Forging
20:09 Castle Age
18:29 Gold Mining
19:07 Bloodlines
19:40 Scale Barding Armor
21:18 Chain Barding Armor
21:15 Bow Saw
22:09 Husbandry
23:01 Heavy Plow
23:57 Wheelbarrow
25:14 Hand Cart
34:09 Imperial Age
32:34 Kasbah
32:28 Fletching
32:55 Thumb Ring
33:08 Stone Mining
33:36 Padded Archer Armor
35:02 Bodkin Arrow
35:31 Conscription
35:50 Ballistics
36:32 Chemistry
36:07 Caravan
36:17 Guilds
36:09 Elite Camel Archer
37:05 Bracer
39:21 Masonry
40:52 Maghrebi Camels
40:58 Cavalier
43:48 Plate Barding Armor
43:28 Leather Archer Armor
43:49 Iron Casting
47:08 Ring Archer Armor
49:32 Light Cavalry
54:46 Blast Furnace
64:49 Hussar
76:20 Fervor
Connection lost

Rejoining the realm…

Still unreachable

The connection could not be restored.

Session expired

The server has moved on; the page needs a fresh start.